 Dungeon Crawl Stone Soup version 0.24.0-123-gd5b16e6ec5 (webtiles) character file.

Game seed: 6642834177246382552, levelgen mode: deterministic

5093 LordRappington the Severer (level 10, -6/77 HPs)
             Began as a Minotaur Berserker on Jan 18, 2020.
             Was a High Priest of Trog.
             Mangled by a white ugly thing (23 damage)
             ... on level 9 of the Dungeon.
             The game lasted 00:28:04 (8481 turns).

LordRappington the Severer (Minotaur Berserker)     Turns: 8481, Time: 00:28:05

Health: -6/77      AC: 21    Str: 23    XL:     10   Next: 32%
Magic:  9/9        EV:  7    Int:  7    God:    Trog [*****.]
Gold:   335        SH:  0    Dex:  9    Spells: 9/9 levels left

rFire    . . .     SeeInvis .   f - +0 war axe
rCold    . . .     Gourm    .   (no shield)
rNeg     . . .     Faith    .   G - +0 plate armour
rPois    .         Spirit   .   (helmet restricted)
rElec    .         Reflect  .   L - +0 cloak
rCorr    .         Harm     .   (no gloves)
MR       +++..                  v - +2 pair of boots
Stlth    ..........             (no amulet)
HPRegen  1.22/turn              d - ring of protection from magic
MPRegen  0.11/turn              J - +3 ring of protection

@: regenerating, lightly drained
A: retaliatory headbutt, horns 2
a: Berserk, Trog's Hand, Brothers in Arms, Renounce Religion


You were on level 9 of the Dungeon.
You worshipped Trog.
Trog was extremely pleased with you.
You were very hungry.

You visited 2 branches of the dungeon, and saw 10 of its levels.

You collected 487 gold pieces.
You spent 152 gold pieces at shops.

Inventory:

Hand Weapons
 a - a +1 hand axe
 f - a +0 war axe (weapon)
 g - a +2 scythe of flaming
 s - a +0 flail of venom
 t - the cursed +1 mace of Xumodiv {crush, Str+4, unknown}
   (You found it on level 4 of the Dungeon)

   It inflicts extra damage upon your enemies.
   It affects your strength (+4).
   It has a curse placed upon it.
 I - a +3 quarterstaff of chaos
 P - a +3 halberd of freezing
Missiles
 w - 76 poisoned darts (quivered)
 D - 6 javelins
 K - 8 atropa-tipped darts
Armour
 v - a +2 pair of boots (worn)
 G - a +0 plate armour (worn)
 L - a +0 cloak (worn)
 O - a +0 buckler
Magical Staves
 M - an uncursed staff of conjuration {unknown}
Jewellery
 d - a ring of protection from magic (left hand)
 e - an uncursed ring of protection from fire
 H - an uncursed ring of poison resistance
 J - a +3 ring of protection (right hand)
Wands
 u - a wand of paralysis (17)
Scrolls
 i - 10 scrolls of remove curse
 l - 10 scrolls of identify
 r - 2 scrolls of enchant weapon
 B - 4 scrolls of fog
 E - 2 scrolls of blinking
 F - 4 scrolls of teleportation
Potions
 b - 3 potions of invisibility
 h - 2 potions of brilliance
 k - a potion of haste
 m - 5 potions of curing {unknown}
 n - a potion of resistance {unknown}
 o - 3 potions of agility {unknown}
 p - a potion of berserk rage {unknown}
 q - a potion of cancellation {unknown}
 x - 2 potions of might {unknown}
 z - 3 potions of degeneration {unknown}
 A - a potion of flight {unknown}
 C - a potion of magic {unknown}
Comestibles
 c - 12 rations


   Skills:
 - Level 3.6(3.3) Fighting
 + Level 15.4(15.1) Axes
 * Level 9.1(8.8) Armour
 - Level 2.1(1.9) Dodging


You had 9 spell levels left.
You didn't know any spells.
Your spell library was empty.

Dungeon Overview and Level Annotations

Branches:
Dungeon (9/15)             Temple (1/1) D:7            Lair (0/6) D:8
    Orc: D:9-12

Altars:
Ashenzari
Cheibriados
Dithmenos
Elyvilon
Fedhas
Gozag
Hepliaklqana
Kikubaaqudgha
Makhleb
Nemelex Xobeh
Okawaru
Qazlal
Ru
Sif Muna
Trog
Uskayaw
Vehumet
Wu Jian
Xom
Yredelemnul
Zin
The Shining One

Shops:
D:5 *   D:7 ?

Annotations:
D:8 3 runed translucent doors, icedog's ghost, novice FoCK
D:9 3 runed translucent doors, Prince Ribbit; Xerdoz's ghost, novice BaFE


Innate Abilities, Weirdness & Mutations

You reflexively headbutt those who attack you in melee.
You have a pair of horns on your head.


Message History

The white ugly thing is heavily wounded.
You miss Prince Ribbit.
Prince Ribbit hits you but does no damage.
The white ugly thing completely misses you.
You furiously retaliate!
You headbutt the white ugly thing! Prince Ribbit hits you.
Your skin crawls.
You feel resistant to hostile enchantments.
You are feeling very hungry.
The white ugly thing engulfs you but does no damage.
Prince Ribbit barely misses you.
You hit the white ugly thing but do no damage.
You headbutt the white ugly thing!
The white ugly thing is severely wounded.
You miss Prince Ribbit. Prince Ribbit hits you!
* * * LOW HITPOINT WARNING * * *
The white ugly thing engulfs you.
* * * LOW HITPOINT WARNING * * *
The white ugly thing freezes you!!
You die...

#..# #.# ## #..######.#
... ##........# ....
#).####..#
..[.############)##.....
....?.............####.#
................#.## #(#
...........)....#..###.#
#...u@/.......#...##.#
#....F........#...##..
#.............#...##..
#.............#...##..
#..........<......##..
#.............#.#.##..
#...(.............)...
#.............#.......
#############.####.#.#


You could see a white ugly thing and Prince Ribbit.

Vanquished Creatures
  A manticore (D:8)
  Grinder (D:4)
  A hornet (D:9)
  A hippogriff (D:6)
  Sigmund (D:3)
  A wyvern (D:8)
  4 hogs (D:7)
  A human (D:7)
  A hungry ghost (D:8)
  A water moccasin (D:6)
  2 black bears
  4 ogres
  A centaur (D:8)
  A big kobold (D:8)
  2 bullfrogs (D:8)
  A gnoll sergeant (D:7)
  2 scorpions
  5 killer bees (D:8)
  5 wights (D:9)
  2 howler monkeys
  A crimson imp (D:8)
  4 jellies
  4 hounds
  3 orc priests
  3 iguanas
  Crazy Yiuf (D:7)
  2 bullfrog skeletons
  Terence (D:3)
  Ijyb (D:2)
  6 orc wizards
  12 worker ants
  2 hound skeletons
  A howler monkey zombie (D:9)
  8 gnolls
  2 worker ant zombies
  14 adders
  2 howler monkey skeletons
  4 oozes
  An adder skeleton (D:9)
  An adder zombie (D:8)
  3 worms
  3 dart slugs
  3 leopard geckos
  24 orcs
  3 bats
  8 giant cockroaches
  12 goblins
  8 hobgoblins
  5 jackals
  7 kobolds
  4 quokkas
  A ball python (D:6)
  6 frilled lizards
  A jackal skeleton (D:4)
  A leopard gecko zombie (D:5)
  11 rats
  2 fungi (D:7)
213 creatures vanquished.

Vanquished Creatures (others)
  A fungus (D:8)
  3 plants (D:8)
4 creatures vanquished.

Grand Total: 217 creatures vanquished

Notes
Turn   | Place    | Note
-------+----------+-------------------------------------------
     0 | D:1      | LordRappington the Minotaur Berserker began the quest for
                  | the Orb.
     0 | D:1      | Reached XP level 1. HP: 19/19 MP: 0/0
   197 | D:1      | Reached skill level 4 in Axes
   282 | D:1      | Reached XP level 2. HP: 26/26 MP: 1/1
   773 | D:2      | Reached skill level 5 in Axes
   783 | D:2      | Reached XP level 3. HP: 28/31 MP: 2/2
   821 | D:2      | Reached skill level 6 in Axes
   821 | D:2      | Reached XP level 4. HP: 17/39 MP: 3/3
  1170 | D:2      | Reached ** piety under Trog
  1213 | D:2      | Noticed Ijyb
  1233 | D:2      | Killed Ijyb
  1233 | D:2      | Reached XP level 5. HP: 38/45 MP: 4/4
  1288 | D:2      | Reached skill level 7 in Axes
  1554 | D:3      | Noticed Sigmund
  1576 | D:3      | Killed Sigmund
  1576 | D:3      | Reached skill level 8 in Axes
  1576 | D:3      | Reached XP level 6. HP: 47/51 MP: 5/5
  2089 | D:3      | Noticed Terence
  2117 | D:3      | Reached *** piety under Trog
  2126 | D:3      | Killed Terence
  2126 | D:3      | Reached skill level 9 in Axes
  2523 | D:4      | Got an encrusted mace
  2542 | D:4      | Noticed Grinder
  2556 | D:4      | Killed Grinder
  2556 | D:4      | Reached skill level 10 in Axes
  2556 | D:4      | Reached XP level 7. HP: 57/57 MP: 6/6
  2976 | D:4      | Received a gift from Trog
  3206 | D:4      | Reached skill level 11 in Axes
  3326 | D:5      | Entered Level 5 of the Dungeon
  3351 | D:5      | Found an ancient bone altar of Kikubaaqudgha.
  3360 | D:5      | Reached XP level 8. HP: 64/64 MP: 7/7
  3474 | D:5      | Reached skill level 12 in Axes
  3477 | D:5      | Found an opulent altar of Gozag.
  3484 | D:5      | Found Gozag's Platinum Reserve.
  4306 | D:6      | Reached skill level 13 in Axes
  4379 | D:6      | Reached **** piety under Trog
  4630 | D:6      | Noticed a hippogriff
  4640 | D:6      | Killed a hippogriff
  5030 | D:7      | Found Piunas's Magic Scroll Shoppe.
  5036 | D:7      | Bought a scroll of blinking for 120 gold pieces
  5036 | D:7      | Bought a scroll of fog for 32 gold pieces
  5050 | D:7      | Reached XP level 9. HP: 57/70 MP: 8/8
  5057 | D:7      | Reached skill level 14 in Axes
  5062 | D:7      | Reached skill level 5 in Armour
  5424 | D:7      | Found a staircase to the Ecumenical Temple.
  5431 | Temple   | Entered the Ecumenical Temple
  6173 | D:7      | Found a runed translucent door.
  6174 | D:7      | Noticed Crazy Yiuf
  6183 | D:7      | Killed Crazy Yiuf
  6800 | D:8      | Reached ***** piety under Trog
  6828 | D:8      | Found a staircase to the Lair.
  6854 | D:8      | Reached skill level 15 in Axes
  6888 | D:8      | Reached XP level 10. HP: 31/77 MP: 9/9
  7098 | D:8      | Noticed a manticore
  7115 | D:8      | Killed a manticore
  7567 | D:8      | Noticed icedog's ghost (novice FoCK)
  7569 | D:8      | Found a runed translucent gate.
  7569 | D:8      | Found a runed translucent gate.
  7569 | D:8      | Found a runed translucent gate.
  7803 | D:9      | Found a runed translucent gate.
  7803 | D:9      | Found a runed translucent gate.
  7803 | D:9      | Found a runed translucent gate.
  7804 | D:9      | Noticed Xerdoz's ghost (novice BaFE)
  8083 | D:9      | Paralysed by a hornet for 3 turns
  8468 | D:9      | Noticed Prince Ribbit
  8470 | D:9      | Noticed a white ugly thing
  8481 | D:9      | Mangled by a white ugly thing

Levels and vault maps discovered:
D:1:      psy_arrival_terrarium, layout_basic
D:2:      kennysheep_the_goblin_king, layout_rooms
D:3:      layout_basic, uniq_sigmund, uniq_terence
D:4:      minmay_diamond_boxcup, layout_basic, uniq_grinder
D:5:      layout_basic, nicolae_overflow_crystal_walls, first_ration,
          nicolae_gozag_zags_fifth_avenue
D:6:      layout_basic
D:7:      layout_loops_corners, minmay_temple_entry_trees, serial_shops,
          nicolae_shop_temple_entry_statues_fountains, grunt_livestock,
          uniq_crazy_yiuf_cottage
D:8:      layout_loops_ring, lair_entry_dummy, gammafunk_ghost_nasty_kobolds,
          kennysheep_crisscross, st_stairs_4
D:9:      layout_basic, serial_shops, shop, gammafunk_ghost_necromancy,
          uniq_prince_ribbit1
Temple:   kilobyte_greek_temple

Skill      XL: |  1  2  3  4  5  6  7  8  9 10 |
---------------+-------------------------------+-----
Axes           | 4 5 6 8 10 11 13 15 | 15.4
Armour         | 4 7 9 |  9.1
Fighting       | |  3.6
Dodging        | |  2.1

Action                   |  1- 3 |  4- 6 |  7- 9 | 10-12 || total
-------------------------+-------+-------+-------+-------++-------
Melee: Hand axe          |    57 |   170 |   182 |       ||   409
       Headbutt          |    11 |    30 |    71 |    21 ||   133
       War axe           |       |       |   237 |   124 ||   361
Invok: Berserk           |       |     1 |     2 |     1 ||     4
       Trog's Hand       |       |       |     1 |     1 ||     2
  Use: Scroll            |       |     8 |     2 |     2 ||    12
       Potion            |       |       |       |     1 ||     1
  Eat: Chunk             |       |     6 |    15 |     1 ||    22
       Ration            |       |       |     1 |     1 ||     2
Armor: Chain mail        |    31 |    76 |    47 |       ||   154
       Animal skin       |     1 |       |       |       ||     1
       Plate armour      |       |       |   148 |    82 ||   230
Dodge: Dodged            |    22 |    49 |   108 |    32 ||   211
